 Dungeon Crawl Stone Soup version 0.31-a0-167-g1c394c0614 (webtiles) character file.

Game seed: 6680126001220616165

51 zazu2006 the Ducker (level 3, 0/31 HPs)
             Began as a Gnoll Wanderer on June 14, 2023.
             Slain by Ijyb
             ... wielding a +0 club
              (5 damage)
             ... on level 3 of the Dungeon.
             The game lasted 00:03:30 (2281 turns).

zazu2006 the Ducker (Gnoll Wanderer)                Turns: 2281, Time: 00:03:31

Health: 0/31       AC:  3    Str: 10    XL:     3   Next: 83%
Magic:  1/7        EV: 13    Int: 20    God:
Gold:   143        SH:  0    Dex: 11    Spells: 6/7 levels left

rFire   . . .        a - +0 dagger
rCold   . . .        (no shield)
rNeg    . . .        c - +0 robe
rPois   .            d - +0 helmet
rElec   .            (no cloak)
rCorr   .            (no gloves)
SInv    .            (no boots)
Will    .....        (no amulet)
Stlth   +            f - +6 ring of intelligence
HPRegen 0.25/turn    (no ring)
MPRegen 0.10/turn

%: no passive effects
@: no status effects
A: fangs 1, strong nose, distributed training
a: no special abilities


You were on level 3 of the Dungeon.
You visited 1 branch of the dungeon, and saw 3 of its levels.

You collected 143 gold pieces.

Inventory:

Hand Weapons
 a - a +0 dagger (weapon)
Missiles
 i - 7 poisoned darts
Armour
 c - a +0 robe (worn)
 d - a +0 helmet (worn)
Jewellery
 f - a +6 ring of intelligence (left hand)
 l - an amulet of faith
Scrolls
 b - a scroll of fog
 h - a scroll of noise {unknown}
 j - a scroll of poison {unknown}
Potions
 e - 2 potions of might {unknown}
 g - 2 potions of curing {unknown}
 k - a potion of magic {unknown}
 m - a potion of lignification {unknown}


   Skills:
 + Level 4.6 Fighting
 + Level 1.0 Short Blades
 + Level 1.0 Long Blades
 + Level 1.0 Axes
 + Level 1.0 Maces & Flails
 + Level 1.0 Polearms
 + Level 1.0 Staves
 + Level 1.0 Ranged Weapons
 + Level 1.0 Throwing
 + Level 1.0 Armour
 + Level 4.6 Dodging
 + Level 1.0 Stealth
 + Level 1.0 Shields
 + Level 1.0 Unarmed Combat
 + Level 2.9 Spellcasting
 + Level 0.7 Conjurations
 + Level 0.7 Hexes
 + Level 0.7 Summonings
 + Level 3.8 Necromancy
 + Level 0.7 Translocations
 + Level 3.8 Transmutations
 + Level 0.7 Fire Magic
 + Level 0.7 Ice Magic
 + Level 0.7 Air Magic
 + Level 0.7 Earth Magic
 + Level 0.7 Poison Magic
 + Level 2.7 Invocations
 + Level 1.0 Evocations


You had 6 spell levels left.
You knew the following spells:

 Your Spells              Type           Power      Damage    Failure   Level
a - Sting                 Tmut/Pois      48%        1d5       5%          1

Your spell library contained the following spells:

 Spells                   Type           Power      Damage    Failure   Level
 Beastly Appendage        Tmut           36%        N/A       3%          1
 Necrotise                Necr           72%        1d7       3%          1
 Vampiric Draining        Necr           18%        2d7       9%          3
 Lesser Beckoning         Tloc           10%        N/A       16%         2
 Gell's Gravitas          Tloc           5%         N/A       32%         3
 Ozocubu's Armour         Ice            5%         N/A       32%         3
 Teleport Other           Tloc           5%         N/A       32%         3
 Petrify                  Tmut/Erth      12%        N/A       50%         4
 Ozocubu's Refrigeration  Ice            2%         4d8       100%        7


Dungeon Overview and Level Annotations

Branches:
Dungeon (3/15)

Altars:

Annotations:
D:3 Ijyb


Innate Abilities, Weirdness & Mutations

You have very sharp teeth.
Your uncanny sense of smell can sniff out nearby items.
Your experience applies equally to all skills.


Message History

Unknown command.
Unknown command.
Casting: Sting (safe; 5% risk of failure)
Confirm with . or Enter, or press ? or * to list all spells.
Aiming: Sting (safe; 5% risk of failure)
Press: ? - help, Shift-Dir - straight line, f/p - Ijyb
Aim: Ijyb, wielding a +0 club, wearing a +0 leather armour and carrying a wand of acid (11) (moderately wounded, very poisoned, 64% to hit)
The sting hits Ijyb.
Ijyb looks even sicker.
Ijyb is moderately wounded.
Ijyb barely misses you.
Unknown command.
Casting: Sting (safe; 5% risk of failure)
Confirm with . or Enter, or press ? or * to list all spells.
Aiming: Sting (safe; 5% risk of failure)
Press: ? - help, Shift-Dir - straight line, f/p - Ijyb
Aim: Ijyb, wielding a +0 club, wearing a +0 leather armour and carrying a wand of acid (11) (heavily wounded, very poisoned, 64% to hit)
The sting hits Ijyb but does no damage.
Ijyb looks as sick as possible!
Ijyb is heavily wounded.
Ijyb hits you but does no damage.
Unknown command.
You barely miss Ijyb.
Ijyb is heavily wounded.
Ijyb hits you with a +0 club.
You hit Ijyb.
Ijyb is severely wounded.
Ijyb hits you with a +0 club.
You barely miss Ijyb. Your bite misses Ijyb.
Ijyb is severely wounded.
Ijyb zaps a wand.
The bolt of acid hits you!
* * * LOW HITPOINT WARNING * * *
Unknown command.
Casting: Sting (safe; 5% risk of failure)
Confirm with . or Enter, or press ? or * to list all spells.
Aiming: Sting (safe; 5% risk of failure)
Press: ? - help, Shift-Dir - straight line, f/p - Ijyb
Aim: Ijyb, wielding a +0 club, wearing a +0 leather armour and carrying a wand of acid (10) (almost dead, very poisoned, 64% to hit)
The sting hits Ijyb but does no damage.
Ijyb looks as sick as possible!
Ijyb is almost dead.
Ijyb hits you with a +0 club.
You die...

######## ##
#....... .#
#......# .###
#....).# !..
...... ..# ...#
B.#
###.######g#
#........@.#
#.##.#####....#
#.##[# .####
..####....###
.#
.........†...#
##
..#######....#
######....#
......†....#
#########..#


You could see Ijyb (extremely poisoned) and a giant cockroach.

Vanquished Creatures
  4 ball pythons (D:1)
  6 bats
  4 endoplasms
  9 goblins
  7 hobgoblins
  4 kobolds
  2 quokkas
  4 frilled lizards
  3 rats
43 creatures vanquished.

Notes
Turn   | Place    | Note
-------+----------+-------------------------------------------
     0 | D:1      | zazu2006 the Gnoll Wanderer began the quest for the Orb.
     0 | D:1      | zazu2006 set off with the following items: a +0 dagger, a
                  | scroll of fog, a +0 robe, a +0 helmet; and the following
                  | spells available to memorise: Beastly Appendage, Necrotise,
                  | Sting, Vampiric Draining, Petrify.
     0 | D:1      | Reached XP level 1. HP: 20/20 MP: 4/4
    87 | D:1      | Learned a level 1 spell: Sting
   120 | D:1      | Reached XP level 2. HP: 26/26 MP: 3/5
   648 | D:1      | Reached XP level 3. HP: 31/31 MP: 7/7
   688 | D:1      | Found a faded altar of an unknown god.
  1579 | D:2      | Reached skill level 1 in Short Blades
  1579 | D:2      | Reached skill level 1 in Long Blades
  1579 | D:2      | Reached skill level 1 in Axes
  1579 | D:2      | Reached skill level 1 in Maces & Flails
  1579 | D:2      | Reached skill level 1 in Polearms
  1579 | D:2      | Reached skill level 1 in Staves
  1579 | D:2      | Reached skill level 1 in Ranged Weapons
  1579 | D:2      | Reached skill level 1 in Throwing
  1579 | D:2      | Reached skill level 1 in Armour
  1579 | D:2      | Reached skill level 1 in Stealth
  1579 | D:2      | Reached skill level 1 in Shields
  1579 | D:2      | Reached skill level 1 in Unarmed Combat
  1579 | D:2      | Reached skill level 1 in Evocations
  2271 | D:3      | Noticed Ijyb
  2281 | D:3      | Slain by Ijyb

Illustrated notes

Levels and vault maps discovered:
D:1:      lightli_arrival_chessboard, layout_loops_ring,
          hellmonk_ecumenical_altar_heavens_door, minivault_19
D:2:      wander_river, layout_loops_corners, serial_bayou,
          serial_bayou_shore_b, serial_bayou_shore_b, serial_bayou_ford_a,
          serial_bayou_pond_d, serial_bayou_lake_a, minmay_cut_off
D:3:      layout_basic, glass_columns_b, kennysheep_generic_room_5, uniq_ijyb,
          uniq_jessica, uniq_sigmund

Skill      XL: |  1  2  3 |
---------------+----------+-----
Short Blades   | 1 |  1.0
Long Blades    | 1 |  1.0
Axes           | 1 |  1.0
Maces & Flails | 1 |  1.0
Polearms       | 1 |  1.0
Staves         | 1 |  1.0
Ranged Weapons | 1 |  1.0
Throwing       | 1 |  1.0
Armour         | 1 |  1.0
Stealth        | 1 |  1.0
Shields        | 1 |  1.0
Unarmed Combat | 1 |  1.0
Evocations     | 1 |  1.0
Fighting       | |  4.6
Dodging        | |  4.6
Spellcasting   | |  2.9
Conjurations   | |  0.7
Hexes          | |  0.7
Summonings     | |  0.7
Necromancy     | |  3.8
Translocations | |  0.7
Transmutations | |  3.8
Fire Magic     | |  0.7
Ice Magic      | |  0.7
Air Magic      | |  0.7
Earth Magic    | |  0.7
Poison Magic   | |  0.7
Invocations    | |  2.7

Action                     || total
---------------------------++-------
  Melee: Dagger            ||    70
         Bite              ||     8
  Throw: Dart              ||     1
   Cast: Sting             ||    54
   Stab: Sleeping          ||     2
 Armour: Robe              ||    14
  Dodge: Dodged            ||    56

Table legend: (Time is in decaauts)
 A = Elapsed time spent in this place.
 B = Non-inter-level travel time spent in this place.
 C = Inter-level travel time spent in this place.
 D = Time resting spent in this place.
 E = Time spent auto-exploring this place.
 F = Levels seen in this place.
 G = Mean time per level.
                   A        B        C        D        E       F      G
               +--------+--------+--------+--------+--------+-----+--------+
         Total |   2346 |   2252 |     94 |      0 |   1931 |   3 |  782.0 |
       Dungeon |   2346 |   2252 |     94 |      0 |   1931 |   3 |  782.0 |
               +--------+--------+--------+--------+--------+-----+--------+

Top non-repeatable levels by time:
     D:2: 1349 daAuts
     D:1: 890 daAuts
     D:3: 106 daAuts
